 Dungeon Crawl Stone Soup version 0.15.1-3-g1b33baa (webtiles) character file.

600 Chiseanne the Magician (level 7, -1/46 HPs)
             Began as a Demonspawn Wanderer on Oct 5, 2014.
             Slain by an ogre
             ... wielding a +0 giant spiked club
              (28 damage)
             ... on Level 5 of the Dungeon.
             The game lasted 00:24:25 (6301 turns).

Chiseanne the Magician (Demonspawn Wanderer)        Turns: 6301, Time: 00:24:25

HP  -1/46        AC  9     Str 13      XL: 7   Next: 18%
MP   8/21        EV 10     Int 16      God:
Gold 266         SH  0     Dex 11      Spells:  7 memorised,  6 levels left

rFire  . . .     SeeInvis .     a - +1 short sword
rCold  . . .     Clarity  .     d - +1 leather armour
rNeg   . . .     rCorr    .     (no shield)
rPois  .         rRot     .     (helmet restricted)
rElec  .         Spirit   .     (no cloak)
SustAb .         Warding  .     (no gloves)
rMut   .         Stasis   .     v - +0 pair of boots
Gourm  .                        (no amulet)
MR     +....                    u - +3 ring of protection
                                o - ring of protection from magic

@: somewhat resistant to hostile enchantments, unstealthy
A: horns 1, molten scales 1, nightstalker 1
a: no special abilities


You were on level 5 of the Dungeon.
You were hungry.

You visited 1 branch of the dungeon, and saw 5 of its levels.
You also visited: Sewer.

You collected 266 gold pieces.

Inventory:

Hand weapons
 a - a +1 short sword (weapon)
 w - a +0 blowgun
Missiles
 e - 58 poisoned needles
Armour
 d - a +1 leather armour (worn)
 v - a +0 pair of boots (worn)
Magical devices
 b - a wand of heal wounds (5)
 F - a wand of lightning (6) {unknown}
Comestibles
 f - 3 bread rations
 i - a rotting chunk of orc flesh
 k - a beef jerky
 m - 2 meat rations
Scrolls
 h - 2 scrolls of fog
 j - 2 scrolls of amnesia
 q - a scroll of teleportation
 t - 2 scrolls of immolation
Jewellery
 l - an uncursed ring of sustain abilities
 o - a ring of protection from magic (left hand)
 r - an uncursed ring of see invisible
 u - a +3 ring of protection (right hand)
 y - a +3 ring of strength {unknown}
 A - the ring "Nyolarum" {rF+ rN+, unknown}
   (You found it on level 4 of the Dungeon)

   [ring of protection from fire]

   It protects you from fire.
   It protects you from negative energy.
Potions
 g - a potion of porridge
 n - 3 potions of agility
 p - a potion of cancellation
 s - 2 potions of curing
 x - a potion of resistance {unknown}
 z - 2 potions of invisibility {unknown}
 C - 2 potions of degeneration {unknown}
 D - 2 potions of brilliance {unknown}
Books
 c - a book of Air

   Spells                             Type                      Level
   *Shock                             Conjuration/Air              1
   *Swiftness                         Charms/Air                   2
   *Repel Missiles                    Charms/Air                   2
   *Flight                            Charms/Air                   3
   *Static Discharge                  Conjuration/Air              3
   Lightning Bolt                     Conjuration/Air              5
 B - the Catalogue of Transmigration
   (You found it on level 5 of the Dungeon)

   Spells                             Type                      Level
   *Beastly Appendage                 Transmutation                1
   Ignite Poison                      Fire/Transmutation           5
   Blade Hands                        Transmutation                5


   Skills:
 - Level 1.7 Stealth
 * Level 6.8 Spellcasting
 - Level 3.2 Conjurations
 - Level 1.7 Charms
 * Level 0.6 Transmutations
 - Level 2.9 Air Magic
   Level 1.0 Earth Magic


You had 6 spell levels left.
You knew the following spells:

 Your Spells              Type           Power        Failure   Level  Hunger
a - Shock                 Conj/Air       ###.         4%          1    None
b - Summon Small Mammal   Summ           #...         14%         1    None
c - Repel Missiles        Chrm/Air       ##....       10%         2    None
d - Swiftness             Chrm/Air       ##......     10%         2    None
e - Static Discharge      Conj/Air       ###.....     12%         3    ##.....
f - Flight                Chrm/Air       ##........   14%         3    ##.....
g - Beastly Appendage     Trmt           #.....       12%         1    None


Dungeon Overview and Level Annotations

Branches:
Dungeon (5/15)
 Temple: D:4-7

Altars:
Fedhas

Annotations:
D:2 Terence


Innate Abilities, Weirdness & Mutations

You have a pair of small horns on your head.
You are partially covered in molten scales (AC +1).
You are slightly more attuned to the shadows.


Message History

The ogre is heavily wounded.
The ogre closely misses you.
Casting: Shock
Confirm with . or Enter, or press ? or * to list all spells.
Aiming: Shock
Press: ? - help, Shift-Dir - straight line, f/p - ogre
Aim: an ogre, wielding a giant spiked club (heavily wounded)
The zap hits the ogre.
The ogre is heavily wounded.
The ogre closely misses you.
Casting: Shock
Confirm with . or Enter, or press ? or * to list all spells.
Aiming: Shock
Press: ? - help, Shift-Dir - straight line, f/p - ogre
Aim: an ogre, wielding a giant spiked club (heavily wounded)
The zap hits the ogre.
The ogre is heavily wounded.
The ogre hits you with a giant spiked club!!
Ouch! That really hurt!
You die...

.............#############
.........#...#
.........##..#
........##..#
........##..######
................#
..........>.....#
................#
......)@........#
...?...O........#
....%...........
...............
..............
............ #####......
#.... #..


You could see an ogre.

Vanquished Creatures
  2 big kobolds (Sewer)
  A scorpion (D:4)
  3 iguanas
  A jelly (D:5)
  5 worker ants (D:4)
  4 adders
  5 giant mites
  2 worms (D:2)
  A shadow imp (D:5)
  5 giant geckos
  An ooze (Sewer)
  3 orcs
  2 ball pythons (D:2)
  6 bats
  8 giant cockroaches
  14 hobgoblins
  6 jackals
  2 quokkas
  4 giant newts
  11 goblins
  A goblin skeleton (D:4)
  16 kobolds
  12 rats
  A rat zombie (D:5)
  A fungus (Sewer)
117 creatures vanquished.

Vanquished Creatures (others)
  A bat (Sewer)
  A rat (D:2)
2 creatures vanquished.

Grand Total: 119 creatures vanquished

Notes
Turn   | Place    | Note
--------------------------------------------------------------
     0 | D:1      | Chiseanne, the Demonspawn Wanderer, began the quest for the Orb.
     0 | D:1      | Reached XP level 1. HP: 13/13 MP: 5/5
     2 | D:1      | Learned a level 1 spell: Shock
   274 | D:1      | Gained mutation: You have a pair of small horns on your head. [demonic ancestry]
   274 | D:1      | Reached XP level 2. HP: 19/19 MP: 4/7
  1028 | D:1      | Gained mutation: You are partially covered in molten scales (AC +1). [demonic ancestry]
  1028 | D:1      | Reached XP level 3. HP: 24/24 MP: 8/10
  1541 | D:2      | Learned a level 2 spell: Repel Missiles
  1564 | D:2      | Reached skill level 5 in Spellcasting
  2055 | D:2      | Reached skill level 1 in Conjurations
  2243 | D:2      | Gained mutation: You are slightly more attuned to the shadows. [demonic ancestry]
  2243 | D:2      | Reached XP level 4. HP: 15/30 MP: 9/13
  2907 | D:3      | Found a glowing drain.
  2912 | D:3      | Noticed Terence
  3297 | D:3      | Found a blossoming altar of Fedhas.
  3329 | Sewer    | Entered a sewer
  3627 | Sewer    | Noticed a big kobold
  3627 | Sewer    | Noticed a big kobold
  3639 | Sewer    | Killed a big kobold
  3639 | Sewer    | Reached XP level 5. HP: 19/35 MP: 2/16
  3680 | Sewer    | Killed a big kobold
  3680 | Sewer    | Reached skill level 6 in Spellcasting
  4061 | D:3      | Reached XP level 6. HP: 41/41 MP: 12/18
  4478 | D:3      | Learned a level 2 spell: Swiftness
  4482 | D:3      | Learned a level 3 spell: Static Discharge
  4486 | D:3      | Learned a level 3 spell: Flight
  5631 | D:4      | Got a twitching turquoise ring
  5665 | D:4      | Reached XP level 7. HP: 32/46 MP: 7/21
  6029 | D:5      | Entered Level 5 of the Dungeon
  6068 | D:5      | Identified the Catalogue of Transmigration
  6071 | D:5      | Learned a level 1 spell: Beastly Appendage
  6301 | D:5      | Slain by an ogre

Action                   |  1- 3 |  4- 6 |  7- 9 || total
-------------------------+-------+-------+-------++-------
Melee: Club              |     2 |       |       ||     2
       Dagger            |    16 |       |       ||    16
       Short sword       |    19 |    51 |     1 ||    71
 Cast: Shock             |   140 |   253 |    33 ||   426
       Summon Small Mamm |     1 |     2 |       ||     3
       Repel Missiles    |       |     1 |       ||     1
       Static Discharge  |       |       |     2 ||     2
Evoke: Wand              |       |     5 |       ||     5
  Use: Scroll            |     9 |     3 |     2 ||    14
       Potion            |     2 |     3 |       ||     5
 Stab: Sleeping          |       |     1 |     1 ||     2
  Eat: Chunk             |     4 |     9 |     1 ||    14
       Pizza             |       |       |     1 ||     1
